 Dungeon Crawl Stone Soup version 0.17-a0-484-g0e03f6a (webtiles) character file.

1688 Leibowitz the Poker (level 8, -6/67 HPs)
             Began as a Demigod Gladiator on Apr 11, 2015.
             Mangled by an orc warrior
             ... wielding a +4 battleaxe
              (16 damage)
             ... on level 5 of the Dungeon.
             The game lasted 00:24:27 (5986 turns).

Leibowitz the Poker (Demigod Gladiator)             Turns: 5986, Time: 00:24:27

Health: -6/67      AC:  3    Str: 20    XL:     8   Next: 43%
Magic:  20/20      EV: 15    Int: 12    God:
Gold:   253        SH:  0    Dex: 18    Spells: 1 memorised, 5 levels left

rFire  . . .     SeeInvis .     a - +1 trident
rCold  + . .     Clarity  .     z - +0 robe {rC+}
rNeg   . . .     SustAb   +     (no shield)
rPois  .         Gourm    .     c - +0 helmet
rElec  .         Spirit   .     (no cloak)
rCorr  .         Warding  .     (no gloves)
rMut   .         Stasis   .     (no boots)
MR     .....                    w - amulet of rage
Stlth  ++........               k - ring of teleport control
                                s - ring of magical power

@: not resistant to hostile enchantments, unstealthy
A: high mp 1, sustain abilities
a: Evoke Berserk Rage, Evoke Teleport Control


You were on level 5 of the Dungeon.
You were hungry.

You visited 1 branch of the dungeon, and saw 6 of its levels.

You collected 253 gold pieces.

Inventory:

Hand weapons
 a - a +1 trident (weapon)
 b - a +0 blowgun
Missiles
 d - 3 throwing nets (quivered)
 o - 22 poisoned needles
 E - 2 curare-tipped needles
Armour
 c - a +0 helmet (worn)
 v - a +1 plate armour
 z - a +0 robe of cold resistance (worn)
Jewellery
 k - a ring of teleport control (right hand)
 s - a ring of magical power (left hand)
 w - an amulet of rage (around neck)
Magical devices
 j - a wand of enslavement (1)
 A - a wand of magic darts (40)
Scrolls
 e - 9 scrolls of identify
 h - 2 scrolls of remove curse
 i - 2 scrolls of recharging
 l - a scroll of enchant weapon
 r - a scroll of random uselessness {unknown}
 x - a scroll of teleportation
 y - a scroll of amnesia
Potions
 m - 2 potions of ambrosia
 n - 3 potions of cure mutation
 p - 3 potions of curing
 u - a potion of might
Books
 q - a book of Hinderance

   Spells                             Type                      Level
   a - Confusing Touch                Hexes                        2
   b - Confuse                        Hexes                        3
   c - Gell's Gravitas                Hexes/Translocation          3
   d - Petrify                        Transmutation/Earth          4
   e - Metabolic Englaciation         Hexes/Ice                    5
   f - Summon Mana Viper              Hexes/Summoning              5
Comestibles
 f - 7 bread rations
 g - 3 fruits
 t - 3 meat rations
 C - 2 slices of pizza


   Skills:
 + Level 4.4 Fighting
 + Level 6.4 Polearms
 + Level 2.1 Throwing
 + Level 5.0 Armour
 + Level 4.8 Dodging
 + Level 2.2 Stealth
 + Level 0.5 Evocations


You had 5 spell levels left.
You knew the following spells:

 Your Spells              Type           Power        Failure   Level  Hunger
a - Confusing Touch       Hex            #.....       52%         2    ###....


Dungeon Overview and Level Annotations

Branches:
Dungeon (6/15)             Temple (0/1) D:4


Innate Abilities, Weirdness & Mutations

You have an increased reservoir of magic (+10% MP).
Your attributes are resistant to harm.


Message History

Attack whom?
Press: ? - help, Dir - move target cursor, f - orc
Aim: an orc, wielding a trident You reach to attack!
You barely miss the orc.
The orc hits you from afar with a trident.
Attack whom?
Press: ? - help, Dir - move target cursor, f/p - orc
Aim: an orc, wielding a trident You reach to attack!
You puncture the orc!
You kill the orc!
The orc warrior hits you with an enchanted battleaxe!!
Ouch! That really hurt!
* * * LOW HITPOINT WARNING * * *
You climb upwards.
There is a stone staircase leading down here.
Drink which item? (? for menu, Esc to quit)
You feel better. The orc hits you with a dagger.
* * * LOW HITPOINT WARNING * * *
The orc warrior hits you with an enchanted battleaxe!
You die...

........######.#.#
.................#
.).......#####.#.#
.#.##....#####.#.#
...<...###.....#.#
......####.......#
#..##.........#..#
......##......#oo#
#..#..##........@#
............######
#.#######.###
....# #.# #####
#.# #########.#
..........#
###########


You could see an orc warrior and an orc.

Vanquished Creatures
  Pikel (D:6)
  Grinder (D:6)
  The ghost of UristMcMason the Skirmisher, an average NaFi (D:3)
  2 giant frogs (D:6)
  5 wights (D:6)
  An orc priest (D:4)
  2 crimson imps
  2 jellies
  2 iguanas (D:4)
  An orc wizard (D:5)
  6 hounds
  2 worker ants
  7 gnolls
  5 adders
  A shadow imp (D:6)
  2 worms
  3 giant geckos
  7 orcs
  7 bats
  4 giant cockroaches
  9 goblins
  12 hobgoblins
  11 jackals
  8 kobolds
  2 quokkas
  2 ball pythons
  A giant gecko skeleton (D:4)
  A giant gecko zombie (D:5)
  8 giant newts
  A jackal skeleton (D:4)
  A quokka zombie (D:5)
  8 rats
126 creatures vanquished.

Vanquished Creatures (collateral kills)
  An orc (D:4)
1 creature vanquished.

Vanquished Creatures (others)
  A slave (D:6)
  A jelly (D:6)
  An orc wizard (D:5)
  An adder (D:6)
  A hobgoblin (D:4)
  A giant newt (D:6)
6 creatures vanquished.

Grand Total: 133 creatures vanquished

Notes
Turn   | Place    | Note
--------------------------------------------------------------
     0 | D:1      | Leibowitz, the Demigod Gladiator, began the quest for the Orb.
     0 | D:1      | Reached XP level 1. HP: 17/17 MP: 3/3
   306 | D:1      | Reached skill level 3 in Dodging
   351 | D:1      | Reached XP level 2. HP: 14/24 MP: 4/4
  1021 | D:2      | Reached XP level 3. HP: 10/29 MP: 5/5
  2259 | D:3      | Noticed UristMcMason's ghost (average NaFi)
  2350 | D:3      | Killed UristMcMason's ghost
  2350 | D:3      | Reached skill level 1 in Armour
  2350 | D:3      | Reached XP level 4. HP: 14/37 MP: 6/6
  2557 | D:3      | Reached XP level 5. HP: 42/42 MP: 7/7
  2742 | D:3      | Found a radiant altar of Vehumet.
  2916 | D:3      | Found a sparkling altar of Nemelex Xobeh.
  2925 | D:3      | Found an ancient bone altar of Kikubaaqudgha.
  3210 | D:4      | Learned a level 2 spell: Confusing Touch
  3262 | D:4      | Found a staircase to the Ecumenical Temple.
  3307 | D:4      | Reached skill level 4 in Dodging
  3504 | D:4      | Reached skill level 1 in Stealth
  3563 | D:4      | Reached XP level 6. HP: 44/50 MP: 8/8
  3888 | D:4      | Found a stormy altar of Qazlal.
  4197 | D:5      | Entered Level 5 of the Dungeon
  4736 | D:5      | Found a sacrificial altar of Ru.
  4804 | D:6      | Noticed Grinder
  4904 | D:6      | Reached XP level 7. HP: 57/57 MP: 10/10
  5042 | D:6      | Reached skill level 5 in Polearms
  5271 | D:6      | Noticed Pikel
  5301 | D:6      | Killed Pikel
  5301 | D:6      | Reached XP level 8. HP: 43/66 MP: 11/11
  5451 | D:6      | Paralysed by Grinder for 5 turns
  5457 | D:6      | Killed Grinder
  5457 | D:6      | Reached skill level 6 in Polearms
  5792 | D:6      | Reached skill level 5 in Armour
  5986 | D:5      | Mangled by an orc warrior

Action                   |  1- 3 |  4- 6 |  7- 9 || total
-------------------------+-------+-------+-------++-------
Melee: Trident           |   207 |   206 |   143 ||   556
 Fire: Blowgun           |       |     3 |       ||     3
Throw: Throwing net      |       |       |     2 ||     2
Evoke: Wand              |       |     3 |       ||     3
  Use: Potion            |       |    15 |     1 ||    16
       Scroll            |       |     9 |       ||     9
 Stab: Sleeping          |       |     3 |     1 ||     4
       Invisible         |       |     1 |       ||     1
       Held in net/web   |       |       |     1 ||     1
  Eat: Chunk             |     4 |    10 |     3 ||    17
